 Dungeon Crawl Stone Soup version 0.31-a0-765-g67fe2935dc (webtiles) character file.

Game seed: 11188635665392897237

282 heikuro the Shield-Bearer (level 6, -7/49 HPs)
             Began as a Formicid Fighter on Sept 15, 2023.
             Was an Initiate of Okawaru.
             Mangled by a gnoll
             ... wielding a +0 halberd
              (12 damage)
             ... on level 3 of the Dungeon.
             The game lasted 00:06:29 (2826 turns).

heikuro the Shield-Bearer (Formicid Fighter)        Turns: 2826, Time: 00:06:30

Health: -7/49      AC: 12    Str: 22    XL:     6   Next: 54%
Magic:  6/6        EV:  6    Int:  8    God:    Okawaru [......]
Gold:   75         SH:  5    Dex: 13    Spells: 5/5 levels left

rFire   . . .        l - +0 war axe (flame)
rCold   . . .        c - +0 buckler
rNeg    . . .        p - +0 plate armour
rPois   .            (helmet unavailable)
rElec   .            (no cloak)
rCorr   .            (no gloves)
SInv    +            (no boots)
Will    +....        (no amulet) Stlth
                     e - ring of willpower
HPRegen 0.28/turn    x - ring of flight
MPRegen 0.10/turn

%: no passive effects
@: flying
A: permanent stasis, dig shafts and tunnels, antennae 3, four strong arms
a: Dig, Shaft Self, Renounce Religion


You were on level 3 of the Dungeon.
You worshipped Okawaru.
Okawaru was noncommittal.
You visited 2 branches of the dungeon, and saw 5 of its levels.

You collected 75 gold pieces.

Inventory:

Hand Weapons
 a - a +0 war axe
 l - a +0 war axe of flaming (weapon)
 o - a +0 halberd
 y - a +1 short sword of venom
Missiles
 w - 3 poisoned darts
Armour
 c - a +0 buckler (worn)
 p - a +0 plate armour (worn)
Jewellery
 e - a ring of willpower (left hand)
 x - a ring of flight (right hand)
Wands
 s - a wand of paralysis (8)
Scrolls
 b - 2 scrolls of teleportation {unknown}
 f - a scroll of vulnerability {unknown}
 g - a scroll of blinking {unknown}
 h - a scroll of revelation {unknown}
 n - 2 scrolls of brand weapon {unknown}
 q - a scroll of fear {unknown}
 r - a scroll of noise {unknown}
 t - a scroll of amnesia {unknown}
 u - a scroll of identify {unknown}
 v - a scroll of enchant weapon {unknown}
Potions
 d - a potion of might
 i - a potion of haste {unknown}
 j - a potion of curing {unknown}
 k - a potion of invisibility {unknown}
 m - a potion of berserk rage {unknown}


   Skills:
 + Level 4.4 Fighting
 * Level 4.3 Axes
 + Level 4.4 Armour
 + Level 5.3 Shields
 + Level 0.8 Invocations


You had 5 spell levels left.
You didn't know any spells.
Your spell library contained the following spells:

 Spells                   Type           Power      Damage    Failure   Level
 Kiss of Death            Conj/Necr      0%         2d5       100%        1
 Ensorcelled Hibernation  Hex/Ice        0%         N/A       100%        2
 Passwall                 Tmut/Erth      0%         N/A       100%        2
 Confusing Touch          Hex            0%         N/A       100%        3
 Inner Flame              Hex/Fire       0%         N/A       100%        3
 Dispel Undead            Necr           0%         3d6       100%        4
 Flame Wave               Conj/Fire      0%         2d4       100%        4
 Sticky Flame             Conj/Fire      0%         2d3       100%        4
 Swiftness                Air            Unusable   N/A       N/A         3

Dungeon Overview and Level Annotations

Branches:
Dungeon (4/15)             Temple (1/1) D:4

Altars:
Dithmenos
Elyvilon
Fedhas
Hepliaklqana
Kikubaaqudgha
Nemelex Xobeh
Okawaru
Qazlal
Ru
Sif Muna
Trog
Uskayaw
Vehumet
Wu Jian
Yredelemnul
Zin
The Shining One

Shops:
D:3 [

Annotations:
D:3 3 runed translucent doors, exclusion: statue, DocEon's ghost, amateur GrMo; tinescath's ghost, amateur TrSh


Innate Abilities, Weirdness & Mutations

You cannot be hasted, slowed, berserked, paralysed or teleported.
You can dig through walls and to a lower floor.
You have a pair of large antennae on your head. (SInv)
Your four strong arms can wield two-handed weapons with a shield.


Message History

You slash the gnoll! You burn the gnoll.
You kill the gnoll!
Okawaru accepts your kill.
Things that are here:
a +0 dagger; an orc corpse You see here a +0 club.
There is a stone staircase leading down here.
You start resting.
HP restored.
You fly downwards.
There is a stone staircase leading up here.
The gnoll hits you from afar with a +0 halberd.
The gnoll hits you but does no damage. You block the gnoll's attack.
There is a stone staircase leading up here.
The gnoll attacks as it pursues you!
The gnoll hits you from afar with a +0 halberd!
The gnoll hits you with a +0 halberd! The gnoll hits you with a +0 spear.
The gnoll hits you but does no damage.
There is a stone staircase leading up, spattered with blood here.
The gnoll hits you with a +0 halberd! The gnoll hits you with a +0 spear!
* * * LOW HITPOINT WARNING * * *
The gnoll hits you from afar with a +0 halberd.
* * * LOW HITPOINT WARNING * * *
You fly upwards.
Level annotation: 3 runed translucent doors, exclusion: statue, DocEon's ghost, amateur GrMo; tinescath's ghost, amateur TrSh
There is a stone staircase leading down here.
You barely miss the gnoll. You hit the gnoll. You burn the gnoll.
The gnoll barely misses you. You block the gnoll's attack.
Unknown command.
You hit the gnoll but do no damage. You slash the gnoll! You burn the gnoll.
You kill the gnoll!
Okawaru accepts your kill. The gnoll barely misses you.
The gnoll hits you with a +0 halberd.
* * * LOW HITPOINT WARNING * * *
Unknown command.
You barely miss the gnoll. The gnoll hits you with a +0 halberd.
* * * LOW HITPOINT WARNING * * *
Unknown command.
You hit the gnoll but do no damage. The gnoll hits you with a +0 halberd!
You die...

################
##..............##
##................#########
#..........................
#.........g................
#.........@).......########
#.........))>......#
#...............<..########
##...................#.....
##..............#.........
#.....#####.##..##.......
#........##.###.##.......
#....................####
#............######<..###


You could see a gnoll.

Vanquished Creatures
  A jelly (D:3)
  Ijyb (D:3)
  An orc wizard (D:3)
  3 adders
  8 gnolls
  A worm (D:2)
  3 dart slugs
  10 orcs
  A bat (D:3)
  11 endoplasms
  3 giant cockroaches
  2 goblins
  9 hobgoblins
  5 jackals
  6 kobolds
  3 quokkas
  6 ball pythons
  2 frilled lizards (D:3)
  2 rats (D:2)
78 creatures vanquished.

Notes
Turn   | Place    | Note
-------+----------+-------------------------------------------
     0 | D:1      | heikuro the Formicid Fighter began the quest for the Orb.
     0 | D:1      | Reached XP level 1. HP: 18/18 MP: 1/1
    81 | D:1      | Reached XP level 2. HP: 11/24 MP: 2/2
   487 | D:1      | Reached XP level 3. HP: 20/29 MP: 3/3
  1135 | D:1      | Reached XP level 4. HP: 30/36 MP: 4/4
  1293 | D:2      | Found a faded altar of an unknown god.
  1526 | D:2      | Reached XP level 5. HP: 36/42 MP: 5/5
  1644 | D:2      | Found a shimmering blue altar of Sif Muna.
  1733 | D:3      | Found a runed translucent gate.
  1733 | D:3      | Found a runed translucent gate.
  1744 | D:3      | Found a runed translucent gate.
  1863 | D:3      | Reached skill level 5 in Shields
  1993 | D:3      | Found a radiant altar of Vehumet.
  1993 | D:3      | Noticed a charred statue
  2187 | D:3      | Noticed DocEon's ghost (amateur GrMo)
  2187 | D:3      | Noticed tinescath's ghost (amateur TrSh)
  2219 | D:3      | Noticed Ijyb
  2229 | D:3      | Killed Ijyb
  2230 | D:3      | Reached XP level 6. HP: 32/48 MP: 6/6
  2290 | D:3      | Found Efiej's Antique Armour Boutique.
  2517 | D:4      | Found a staircase to the Ecumenical Temple.
  2538 | Temple   | Entered the Ecumenical Temple
  2549 | Temple   | Became a worshipper of Warmaster Okawaru
  2615 | D:4      | HP: 2/48 [gnoll/+0 halberd (5)]
  2826 | D:3      | Mangled by a gnoll

Illustrated notes

Levels and vault maps discovered:
D:1:      dpeg_arrival_signposts, layout_rooms, fountainhead,
          chequers_serial_rivers_large_a
D:2:      layout_rooms, hellmonk_ecumenical_altar_heavens_door, basic_altar
D:3:      layout_rooms, vehumet_statue, gammafunk_ghost_cemetery, serial_shops,
          nicolae_shop_tiny_real_fake_doors, nicolae_kite_square_tiling_tiny,
          uniq_ijyb
D:4:      minmay_razor_zed, layout_cave_pools, minmay_temple_entry_trees
Temple:   nicolae_temple_bog_church

Skill      XL: |  1  2  3  4  5 |
---------------+----------------+-----
Axes           | 3 4 |  4.3
Fighting       | 4 |  4.4
Armour         | 4 |  4.4
Shields        | 5 |  5.3
Invocations    | |  0.8

Action                     |  1- 3 |  4- 6 || total
---------------------------+-------+-------++-------
  Melee: War axe           |    65 |   142 ||   207
Ability: Dig               |     1 |       ||     1
 Armour: Scale mail        |    40 |    35 ||    75
         Plate armour      |       |   115 ||   115
         Skin              |       |     1 ||     1
  Dodge: Dodged            |    39 |    55 ||    94
  Block: Buckler           |     9 |    37 ||    46

Table legend: (Time is in decaauts)
 A = Elapsed time spent in this place.
 B = Non-inter-level travel time spent in this place.
 C = Inter-level travel time spent in this place.
 D = Time resting spent in this place.
 E = Time spent auto-exploring this place.
 F = Levels seen in this place.
 G = Mean time per level.
                   A        B        C        D        E       F      G
               +--------+--------+--------+--------+--------+-----+--------+
         Total |   2920 |   2805 |    115 |    354 |   1560 |   5 |  584.0 |
       Dungeon |   2897 |   2801 |     96 |    354 |   1560 |   4 |  724.2 |
        Temple |     22 |      3 |     19 |      0 |      0 |   1 |   22.0 |
               +--------+--------+--------+--------+--------+-----+--------+

Top non-repeatable levels by time:
     D:1: 1090 daAuts
     D:3: 944 daAuts
     D:2: 679 daAuts
     D:4: 182 daAuts
  Temple: 22 daAuts
